 Dungeon Crawl Stone Soup version 0.31.0-11-ge490571c62 (webtiles) character file.

Game seed: 15022347874209366528

812 bearlyready the Ruffian (level 7, -4/43 HPs)
             Began as an Octopode Shapeshifter on Feb 4, 2024.
             Slain by an orc warrior
             ... wielding a +0 trident
              (16 damage)
             ... on level 6 of the Dungeon.
             The game lasted 00:10:06 (4620 turns).

bearlyready the Ruffian (Octopode Shapeshifter)     Turns: 4620, Time: 00:10:07

Health: -4/43      AC:  1    Str: 16    XL:     7   Next: 93%
Magic:  7/7        EV: 13    Int: 12    God:
Gold:   352        SH:  0    Dex: 11    Spells: 6/6 levels left

rFire   . .          .
                       - Unarmed
rCold   . . .        (no shield)
rNeg    . . .        (helmet currently unavailable)
rPois   .            (no amulet)
rElec   .            (no ring)
rCorr   .            (no ring)
SInv    .            (no ring)
Will    .....        (no ring)
Stlth   ++           (no ring)
HPRegen 0.27/turn    (no ring)
MPRegen 0.10/turn    (no ring)
                     (no ring)

%: no passive effects
@: beast-form
A: beast (slay +3), almost no armour, amphibious, 8 rings, camouflage 1,
gelatinous body 1, (nimble swimmer 1), tentacles
a: Begin Untransformation


You were on level 6 of the Dungeon.
You were a hulking beast.
You visited 1 branch of the dungeon, and saw 6 of its levels.

You collected 352 gold pieces.

Inventory:

Missiles
 e - a boomerang
 n - 17 poisoned darts (quivered)
 x - 5 silver javelins
Armour
 p - a scarf of shadows
Talismans
 b - a beast talisman
 c - a flux talisman
 q - a storm talisman
Wands
 h - a wand of flame (17)
Scrolls
 d - a scroll of fog {unknown}
 g - a scroll of vulnerability {unknown}
 j - a scroll of brand weapon
 l - a scroll of enchant armour {unknown}
 m - a scroll of immolation {unknown}
 r - a scroll of blinking {unknown}
 s - a scroll of amnesia
 t - a scroll of teleportation
 u - a scroll of poison {unknown}
 v - a scroll of noise {unknown}
 y - a scroll of identify
Potions
 a - a potion of lignification
 f - a potion of cancellation
 i - a potion of attraction
 k - 2 potions of heal wounds
 o - a potion of degeneration {unknown}
 w - a potion of might {unknown}


   Skills:
 - Level 1.0 Fighting
 - Level 2.0 Dodging
 + Level 0.0 Stealth
 + Level 6.8 Unarmed Combat
 + Level 6.3 Shapeshifting


You had 6 spell levels left.
You didn't know any spells.
Your spell library contained the following spells:

 Spells                   Type           Power      Damage    Failure   Level
 Gell's Gravitas          Tloc           0%         N/A       69%         3
 Teleport Other           Tloc           0%         N/A       69%         3
 Dispersal                Tloc           0%         N/A       100%        6


Dungeon Overview and Level Annotations

Branches:
Dungeon (6/15)
 Temple: D:4-7

Altars:

Annotations:
D:4 4 runed translucent doors, Crazy Yiuf; zureal's ghost, amateur MiBe
D:5 3 runed translucent doors, superradish's ghost, novice OpSh


Innate Abilities, Weirdness & Mutations

You are a hulking beast.
Your limbs bulge with bestial killing power. (Slay +3)
You cannot wear most types of armour.
You are amphibious.
You can wear up to eight rings at the same time.
Your skin changes colour to match your surroundings (Stealth+).
Your rubbery body absorbs attacks. (AC +1, EV +1)
((You are camouflaged when in or above water. (Stealth+)))
You have tentacles for arms and can constrict up to eight enemies at once.


Message History

An ogre is nearby!
An ogre is nearby!
There is an open door here.
You throw a poisoned dart. The poisoned dart hits the ogre.
The ogre is poisoned.
You throw a poisoned dart. The poisoned dart hits the ogre.
The ogre looks even sicker.
The ogre is lightly wounded.
The ogre looks more healthy.
There is an open door here.
There is a stone staircase leading down here.
You climb downwards.
There is a stone staircase leading up here.
An orc comes into view. It is wielding a +0 hand axe.
An orc is nearby!
An orc is nearby!
An orc is nearby!
An orc warrior comes into view. It is wielding a +0 trident.
The orc shouts!
An orc comes into view. It is wielding a +0 club.
An orc comes into view. It is wielding a +0 club.
The orc misses you.
The orc warrior shouts!
The orc shouts! x2
You bludgeon the orc!
You kill the orc!
The orc warrior hits you with a +0 trident!
Things that are here:
a +0 hand axe; a +0 ring mail; an orc corpse You barely miss the orc warrior.
You grab the orc warrior.
You constrict the orc warrior, but do no damage.
The orc hits you with a +0 club.
The orc warrior hits you with a +0 trident!
You are too injured to fight recklessly!
You are too injured to fight recklessly!
You release your grip on the orc warrior.
The orc warrior hits you from afar with a +0 trident!
* * * LOW HITPOINT WARNING * * *
The orc warrior attacks as it pursues you!
The orc warrior hits you from afar with a +0 trident!
You die...

############# #............
###############.###########
#...............#
+.......$.......#
#......)ooh.....#
#.......o.......#
.......###+####.# .......
#+# #..###. ## #. #. +.


You could see an orc warrior and 2 orcs.

Vanquished Creatures
  Eustachio (D:4)
  Edmund (D:4)
  A scorpion (D:4)
  3 hounds (D:5)
  An orc priest (D:3)
  A sleepcap (D:5)
  3 iguanas (D:5)
  An orc wizard (D:3)
  6 adders
  2 ufetubi (D:5)
  4 dart slugs
  A ribbon worm (D:2)
  5 orcs
  9 ball pythons
  7 endoplasms
  4 giant cockroaches
  8 goblins
  5 hobgoblins
  5 jackals (D:1)
  5 kobolds
  5 quokkas
  4 frilled lizards
  6 rats
88 creatures vanquished.

Vanquished Creatures (collateral kills)
  An ice beast (D:5)
  An adder (D:5)
2 creatures vanquished.

Grand Total: 90 creatures vanquished

Notes
Turn   | Place    | Note
-------+----------+-------------------------------------------
     0 | D:1      | bearlyready the Octopode Shapeshifter began the quest for
                  | the Orb.
     0 | D:1      | Reached XP level 1. HP: 13/13 MP: 1/1
    98 | D:1      | Reached XP level 2. HP: 15/18 MP: 2/2
   348 | D:1      | Reached XP level 3. HP: 23/23 MP: 3/3
  1220 | D:2      | Reached XP level 4. HP: 28/28 MP: 4/4
  1691 | D:3      | Reached XP level 5. HP: 17/33 MP: 5/5
  2575 | D:4      | Noticed Eustachio
  2657 | D:4      | Killed Eustachio
  2658 | D:4      | Reached skill level 5 in Unarmed Combat
  2658 | D:4      | Reached skill level 5 in Shapeshifting
  2658 | D:4      | Reached XP level 6. HP: 20/38 MP: 6/6
  2798 | D:4      | Noticed Edmund
  2811 | D:4      | Killed Edmund
  2945 | D:4      | Found a runed translucent gate.
  2946 | D:4      | Found a runed translucent gate.
  2946 | D:4      | Noticed zureal's ghost (amateur MiBe)
  2948 | D:4      | Found a runed translucent gate.
  2985 | D:4      | Reached XP level 7. HP: 43/43 MP: 7/7
  3093 | D:4      | Found a runed translucent door.
  3094 | D:4      | Noticed Crazy Yiuf
  3364 | D:4      | You fall into a shaft and drop 1 floor!
  3364 | D:5      | Entered Level 5 of the Dungeon
  3868 | D:5      | Noticed superradish's ghost (novice OpSh)
  4048 | D:5      | Found a runed translucent gate.
  4049 | D:5      | Found a runed translucent gate.
  4050 | D:5      | Found a runed translucent gate.
  4620 | D:6      | Slain by an orc warrior

Illustrated notes

Levels and vault maps discovered:
D:1:      co_arrival_random_square_maze, layout_basic, minmay_pentomino_x4
D:2:      layout_loops_ring
D:3:      layout_basic
D:4:      layout_loops_corners, gammafunk_ghost_split, uniq_crazy_yiuf_cottage,
          uniq_eustachio, uniq_edmund
D:5:      layout_basic, gammafunk_ghost_icy
D:6:      lemuel_slime, layout_basic, dreamdust_divine_triumvirate,
          mainiacjoe_overflow_concentric_impassable,
          gammafunk_temple_overflow_claw, st_stairs_6, water_maze_lemuel

Skill      XL: |  1  2  3  4  5  6  7 |
---------------+----------------------+-----
Unarmed Combat | 4 5 6 |  6.8
Shapeshifting  | 4 5 6 |  6.3
Fighting       | |  1.0
Dodging        | |  2.0

Action                     |  1- 3 |  4- 6 |  7- 9 || total
---------------------------+-------+-------+-------++-------
  Melee: Unarmed           |    71 |    72 |    54 ||   197
         Constrict         |    16 |    10 |    12 ||    38
         Tentacles         |    11 |     9 |    11 ||    31
         Punch             |     3 |     3 |     4 ||    10
  Throw: Dart              |       |    11 |     3 ||    14
  Evoke: Wand              |       |       |     1 ||     1
    Use: Potion            |       |     2 |     1 ||     3
         Scroll            |       |     2 |     7 ||     9
   Stab: Sleeping          |     8 |     4 |     4 ||    16
         Distracted        |       |       |     1 ||     1
 Armour: Skin              |    25 |    42 |    47 ||   114
  Dodge: Dodged            |    32 |    28 |    29 ||    89
